cohdb
Replays
Latest Replays
All Replays
Popular Replays
Top Player Replays
Match Explorer
How It Works
Community
CoH3 Stats
Reddit
Sign in to upload your games and track your stats! →
Sign in with Steam
Match 40001988
Unlisted
Match 40001988
Overview
Messages
Build Orders
End
Construct Weapon Support Center
M1919 Machine Gun Team
Selects Heavy Weapons
Bazooka Squad
M1919 Machine Gun Team
M1919 Machine Gun Team
Bazooka Squad
Selects Assault Carriers
Mechanized Support Center
M3 Assault Carrier
M3 Assault Carrier
Engineer Squad
Selects Exchangeable Parts
Bazooka Squad
Designate Forward Repair Station
tommyfoxy
BOOTSA
Wadsy
Stevel
sharpshooter
Rickist
0
0
Comments
sign in to comment!
No comments posted yet!